 Dungeon Crawl Stone Soup version 0.24-a0-580-g6a6c3f83c1 (webtiles) character file.

Game seed: 9328728172761062179

185343 Peloso the Peltast (level 17, -12/163 HPs)
             Began as a Minotaur Fighter on Aug 21, 2019.
             Was the Champion of Okawaru.
             Shot with an arrow by a deep elf master archer (29 damage)
             ... on level 3 of the Elven Halls.
             The game lasted 01:44:47 (35601 turns).

Peloso the Peltast (Minotaur Fighter)              Turns: 35601, Time: 01:44:47

Health: -12/163    AC: 27    Str: 27    XL:     17   Next: 81%
Magic:  18/18      EV:  7    Int:  7    God:    Okawaru [******]
Gold:   1094       SH: 14    Dex: 14    Spells: 16/16 levels left

rFire    + . .     SeeInvis .   a - +4 double sword (venom)
rCold    . . .     Gourm    .   O - +0 shield "Qolet" {MR+}
rNeg     . . .     Faith    +   c - +10 plate armour of the Armadillo {MR+}
rPois    .         Spirit   .   (helmet restricted)
rElec    +         Reflect  .   Q - +1 cloak "Avvoyph" {rElec}
rCorr    +         Harm     .   N - +2 pair of gloves {Str+3}
MR       +++..                  I - +1 pair of boots {run}
Stlth    ..........             K - amulet of faith
HPRegen  0.37/turn              l - ring of Miwoipyrch {+Blink rElec rCorr Slay+5 Stlth+}
MPRegen  0.16/turn              v - ring of protection from fire

@: very heavily drained, quick
A: retaliatory headbutt, claws 1, horns 2, clever 1, deformed body, subdued
magic 1
a: Heroism, Finesse, Renounce Religion, Evoke Blink


You were on level 3 of the Elven Halls.
You worshipped Okawaru.
Okawaru was exalted by your worship.
You were very hungry.

You visited 4 branches of the dungeon, and saw 26 of its levels.
You visited the Abyss 1 time.
You also visited: Sewer, Bailey, Gauntlet and Wizlab.

You collected 3501 gold pieces.
You spent 2407 gold pieces at shops.

Inventory:

Hand Weapons
 a - a +4 double sword of venom (weapon)
 b - a +2 scimitar of flaming
 o - the +6 falchion of Voahi {freeze, *Rage rPois Dex+2}
   (Okawaru gifted it to you in a wizard's laboratory)

   It has been specially enchanted to freeze those struck by it, causing extra
   injury to most foes and up to half again as much damage against particularly
   susceptible opponents.
   It can also slow down cold-blooded creatures.
   It affects your dexterity (+2).
   It protects you from poison.
   It may make you go berserk in combat.
 q - the +1 falchion "Fiuw" {flame, rPois rF+ Dex-4}
   (You bought it in a shop on level 12 of the Dungeon)

   It has been specially enchanted to burn those struck by it, causing extra
   injury to most foes and up to half again as much damage against particularly
   susceptible opponents.
   Big, fiery blades are also staple armaments of hydra-hunters.
   It affects your dexterity (-4).
   It protects you from fire.
   It protects you from poison.
Armour
 c - the +10 plate armour of the Armadillo (worn) {MR+}
   (You found it on level 11 of the Dungeon)

   It affects your resistance to hostile enchantments.
 G - a +2 hat of intelligence
 I - a +1 pair of boots of running (worn)
 N - a +2 pair of gloves of strength (worn)
 O - the +0 shield "Qolet" (worn) {MR+}
   (Okawaru gifted it to you on level 11 of the Dungeon)

   It affects your resistance to hostile enchantments.
 Q - the +1 cloak "Avvoyph" (worn) {rElec}
   (You found it on level 11 of the Dungeon)

   It insulates you from electricity.
 W - the +4 plate armour "Kogat" {rN+ Str+4 Int+3 Stlth-}
   (Okawaru gifted it to you on level 1 of the Elven Halls)

   It affects your strength (+4).
   It affects your intelligence (+3).
   It protects you from negative energy.
   It makes you less stealthy.
Jewellery
 h - an uncursed ring of see invisible
 l - the ring of Miwoipyrch (left hand) {+Blink rElec rCorr Slay+5 Stlth+}
   (You bought it in a shop on level 2 of the Orcish Mines)

   [ring of resist corrosion]

   It affects your accuracy and damage with ranged weapons and melee attacks
   (+5).
   It insulates you from electricity.
   It lets you blink.
   It provides partial protection from all sources of acid and corrosion.
   It makes you more stealthy.
 m - the amulet of Qoebowk {rN+ Regen+ Int+4}
   (You found it in a wizard's laboratory)

   [amulet of regeneration]

   It affects your intelligence (+4).
   It protects you from negative energy.
   It increases your rate of regeneration.
 r - an uncursed ring of protection from cold
 v - a ring of protection from fire (right hand)
 z - the amulet "Haqirgh" {rF+ rN+ Regen+}
   (You found it in a Gauntlet)

   [amulet of regeneration]

   It protects you from fire.
   It protects you from negative energy.
   It increases your rate of regeneration.
 K - an amulet of faith (around neck)
 T - an uncursed ring of protection from cold
Wands
 B - a wand of acid (12)
Scrolls
 d - 6 scrolls of blinking
 e - 6 scrolls of remove curse
 i - 2 scrolls of teleportation
 j - 3 scrolls of identify
 k - a scroll of magic mapping
 p - 2 scrolls of fear
 t - a scroll of amnesia
 y - 6 scrolls of summoning
 J - 2 scrolls of noise
 X - a scroll of holy word
Potions
 g - 4 potions of heal wounds
 n - 14 potions of mutation
 u - 10 potions of curing
 w - 5 potions of flight
 C - 3 potions of haste
 H - 2 potions of agility
 P - a potion of berserk rage
 U - a potion of invisibility
 V - a potion of might
Comestibles
 f - 56 rations


   Skills:
 + Level 18.0(10.8) Fighting
   Level 2.1(6.3) Short Blades
 + Level 19.8(12.4) Long Blades
 + Level 15.9(9.0) Armour
 + Level 6.1(0.7) Dodging
 + Level 1.8(0.0) Stealth
 + Level 19.9(12.5) Shields
 + Level 3.2(0.0) Invocations
 + Level 0.6(0.0) Evocations


You had 16 spell levels left.
You didn't know any spells.
Your spell library contained the following spells:

 Spells                   Type           Power        Failure   Level  Hunger
 Animate Skeleton         Necr           N/A          99%         1    ##.....
 Apportation              Tloc           #.....       99%         1    ##.....
 Confusing Touch          Hex            #.....       99%         1    ##.....
 Corona                   Hex            #......      99%         1    ##.....
 Flame Tongue             Conj/Fire      #....        99%         1    ##.....
 Magic Dart               Conj           #...         99%         1    ##.....
 Shock                    Conj/Air       #...         99%         1    ##.....
 Summon Small Mammal      Summ           #...         99%         1    ##.....
 Ensorcelled Hibernation  Hex/Ice        #.....       100%        2    ###....
 Searing Ray              Conj           #.....       100%        2    ###....
 Swiftness                Chrm/Air       #.......     100%        2    ###....
 Throw Flame              Conj/Fire      #.....       100%        2    ###....
 Confuse                  Hex            #.......     100%        3    ####...
 Conjure Flame            Conj/Fire      #.......     100%        3    ####...
 Dazzling Spray           Conj/Hex       #.....       100%        3    ####...
 Ignite Poison            Fire/Tmut/Pois #.......     100%        3    ####...
 Inner Flame              Hex/Fire       #.......     100%        3    ####...
 Spider Form              Tmut/Pois      #.........   100%        3    ####...
 Static Discharge         Conj/Air       #.......     100%        3    ####...
 Tukima's Dance           Hex            #.......     100%        3    ####...
 Airstrike                Air            #.........   100%        4    #####..
 Cause Fear               Hex            #.........   100%        4    #####..
 Force Lance              Conj/Tloc      #.......     100%        4    #####..
 Fulminant Prism          Conj/Hex       #.........   100%        4    #####..
 Ice Form                 Ice/Tmut       #.......     100%        4    #####..
 Iskenderun's Mystic Bla  Conj           #.......     100%        4    #####..
 Petrify                  Tmut/Erth      #.......     100%        4    #####..
 Sticky Flame             Conj/Fire      #.......     100%        4    #####..
 Summon Lightning Spire   Summ/Air       #.......     100%        4    #####..
 Alistair's Intoxication  Tmut/Pois      #.......     100%        5    ######.
 Bolt of Magma            Conj/Fire/Erth #.........   100%        5    ######.
 Borgnjor's Vile Clutch   Necr/Erth      #.........   100%        5    ######.
 Dispel Undead            Necr           #.......     100%        5    ######.
 Fireball                 Conj/Fire      #.........   100%        5    ######.
 Irradiate                Conj/Tmut      #.........   100%        5    ######.
 Iskenderun's Battlesphe  Conj/Chrm      #.......     100%        5    ######.
 Lightning Bolt           Conj/Air       #.........   100%        5    ######.
 Silence                  Hex/Air        #.........   100%        5    ######.
 Venom Bolt               Conj/Pois      #.........   100%        5    ######.
 Yara's Violent Unravell  Hex/Tmut       #.........   100%        5    ######.
 Deflect Missiles         Chrm/Air       #.........   100%        6    #######
 Hydra Form               Tmut           #.........   100%        6    #######
 Iron Shot                Conj/Erth      #.........   100%        6    #######
 Statue Form              Tmut/Erth      #........    100%        6    #######
 Dragon Form              Tmut           #.........   100%        7    #######
 Orb of Destruction       Conj           #.........   100%        7    #######
 Spellforged Servitor     Conj/Summ      #.........   100%        7    #######
 Discord                  Hex            #.........   100%        8    #######


Dungeon Overview and Level Annotations

Branches:
Dungeon (15/15)            Temple (0/1) D:5            Lair (6/6) D:8
  Swamp (0/4) Lair:2       Spider (0/4) Lair:2        Slime (0/5) Lair:6
    Orc (2/2) D:10            Elf (3/3) Orc:2        Vaults (0/5) D:14
 Depths (0/5) D:15          Sewer (visited)          Bailey (visited)
 WizLab (visited)         Gauntlet (visited)

Altars:
Gozag
Kikubaaqudgha
Nemelex Xobeh
Okawaru
Ru
Trog
Xom
Yredelemnul
The Shining One
Jiyva

Shops:
D:7 *}   D:10 [   D:12 (   D:15 ?   Orc:2 ?%=?[}?   Elf:1 %

Annotations:
Elf:2 7 runed translucent doors, Acaodgh's ghost, adept FeAr


Innate Abilities, Weirdness & Mutations

You reflexively headbutt those who attack you in melee.
You have a pair of horns on your head.
You have sharp fingernails.
Your mind is acute. (Int +2)
Armour fits poorly on your strangely shaped body.
Your spells are a little easier to cast, but a little less powerful.


Message History

Unknown command.
The deep elf master archer shoots an arrow.
You block the arrow.
You see here an arrow.
Unknown command.
The deep elf master archer shoots an arrow.
The arrow hits you!
* * * LOW HITPOINT WARNING * * *
You see here an arrow.
Unknown command.
The deep elf master archer shoots an arrow.
You block the arrow.
The deep elf master archer shoots an arrow.
The arrow hits you!
* * * LOW HITPOINT WARNING * * *
You see here 2 arrows.
Unknown command.
The deep elf master archer shoots an arrow.
The arrow hits you!!
You die...

,,,,,**.....* #..##......
,***+**(....###### #..###.....
**,,,**..........## #..#*......
,,,,,**.........(.## #..##......
,,,****.........(..####...+......
,*** *##.......(...+....##......
** ##........(...###.##**,,,,,
#........)(...# #.# ******
#.....#...@...###'## ##
**##..^..##'e#........## .#
*,,'....[##..#.........# .#
*,,#.....'...+.........# .#
*,,##....#.###....#...## .#
*,,*##...#.# ##..###.## **** ##
*,,* ##'##.# #++# ### **,,*
####.,* #.##.####..# *,,,,
......####.)........# *,,,,


You could see a deep elf master archer.

Vanquished Creatures
  A mutant beast (WizLab)
  A bone dragon (Abyss:2)
  Rupert (Orc:2)
  A deep elf blademaster (Elf:3)
  A deep elf master archer (Elf:3)
  Gastronok (Lair:1)
  2 orc warlords (Orc:1)
  5 deep elf sorcerers
  2 deep elf elementalists (Elf:3)
  7 very ugly things (WizLab)
  2 entropy weavers (Lair:4)
  Azrael (D:13)
  A deep elf demonologist (Elf:3)
  A dire elephant (D:15)
  A minotaur (Gauntlet)
  An ettin (Orc:1)
  4 deep elf high priests
  7 hydras
  4 ogre magi (Orc:2)
  Fannar (Lair:3)
  A merfolk avatar (Lair:6)
  A centaur warrior (D:13)
  The ghost of DasRunzen the Fighter, a novice MiFi of Okawaru (Lair:1)
  16 dancing weapons
  21 two-headed ogres
  2 thrashing horrors (Abyss:2)
  A queen ant (Lair:4)
  The ghost of Dasij the Grappler, a journeyman VSMo of Elyvilon (Lair:2)
  Urug (Lair:5)
  2 orc high priests (Orc:1)
  8 large abominations
  9 deep elf knights
  An iron golem (WizLab)
  3 wretched stars (Abyss:2)
  A sixfirhy (Abyss:2)
  2 fire crabs (shapeshifter) (WizLab)
  A glowing orange brain (Gauntlet)
  A sea snake (Lair:6)
  A wizard (D:15)
  13 deep elf archers
  A lindwurm (Lair:6)
  A lindwurm (shapeshifter) (WizLab)
  A necromancer (Gauntlet)
  A harpy (shapeshifter) (WizLab)
  2 orc knights (Orc:1)
  2 harpies (Lair:6)
  3 mana vipers (shapeshifter) (WizLab)
  3 orc sorcerers
  3 manticores
  56 deep elf magi
  10 ugly things
  A salamander (shapeshifter) (WizLab)
  2 worldbinders (Abyss:2)
  A salamander (D:15)
  5 cyclopes
  3 black mambas
  3 centaur zombies
  A guardian serpent (shapeshifter) (WizLab)
  A moth of wrath (Lair:1)
  An eye of devastation (Gauntlet)
  2 guardian serpents (D:9)
  2 elephants (Lair:6)
  A spiny frog (shapeshifter) (WizLab)
  A smoke demon (Abyss:2)
  8 spiny frogs
  3 gargoyles
  3 rime drakes (Lair:6)
  An efreet (D:13)
  3 yaktaurs (D:15)
  A kobold demonologist (D:14)
  5 komodo dragons
  A komodo dragon (shapeshifter) (WizLab)
  2 yaktaurs (shapeshifter) (WizLab)
  A freezing wraith (D:15)
  2 jumping spiders (shapeshifter) (WizLab)
  2 ancient zymes (Abyss:2)
  A queen bee (Lair:5)
  A meliai (shapeshifter) (WizLab)
  2 jumping spiders (Lair:2)
  4 polar bears
  3 trolls
  A troll (shapeshifter) (WizLab)
  A polar bear (shapeshifter) (WizLab)
  3 meliai (Lair:5)
  5 hornets
  17 blink frogs
  A raiju (shapeshifter) (WizLab)
  An ettin zombie (Abyss:2)
  6 dream sheep (Lair:5)
  8 hippogriffs
  A vampire (D:13)
  4 water elementals
  2 starcursed masses (Abyss:2)
  A redback (shapeshifter) (WizLab)
  7 wyverns
  A ynoxinul (Abyss:2)
  41 yaks
  4 spriggans (Lair:1)
  6 air elementals
  2 wraiths
  2 tarantellas (shapeshifter) (WizLab)
  A yak (shapeshifter) (WizLab)
  A human (D:9)
  4 redbacks (Lair:2)
  A wyvern (shapeshifter) (Abyss:2)
  A neqoxec (Abyss:2)
  A golden eye (shapeshifter) (WizLab)
  6 small abominations (WizLab)
  8 vampire mosquitoes
  A hog (shapeshifter) (WizLab)
  A hungry ghost (D:11)
  4 fire elementals
  A basilisk (Lair:6)
  Menkaure (D:4)
  An acid dragon (shapeshifter) (D:14)
  3 wargs
  11 water moccasins
  An acid dragon (D:11)
  3 soldier ants (shapeshifter) (WizLab)
  7 soldier ants (Lair:4)
  2 hell hounds (D:13)
  6 floating eyes
  7 porcupines
  4 ice beasts
  22 orc warriors
  3 sky beasts
  A black bear (shapeshifter) (WizLab)
  2 black bears
  2 eyes of draining
  33 ogres
  A necrophage (D:10)
  8 phantoms
  14 centaurs
  17 wolves
  11 crocodiles
  4 big kobolds
  15 bullfrogs
  2 earth elementals
  3 scorpions
  26 killer bees
  15 wights
  4 electric eels (D:12)
  2 vampire bats (D:7)
  3 howler monkeys
  3 crimson imps
  A quasit (D:10)
  10 hounds
  3 bullfrog zombies
  20 orc priests
  4 jellies
  2 bullfrog skeletons
  35 orc wizards
  5 centaur skeletons
  5 iguanas
  32 worker ants
  8 ogre zombies (D:10)
  A hound zombie (D:7)
  A hound skeleton (D:4)
  3 worker ant zombies
  10 adders
  8 gnolls
  2 river rats (Sewer)
  7 shadow imps
  4 oozes
  An adder zombie (D:6)
  5 worms
  4 dart slugs
  8 leopard geckos
  83 orcs
  6 ball pythons
  4 bat skeletons (D:7)
  3 bat zombies (D:7)
  7 giant cockroaches
  13 goblins
  3 hobgoblins
  8 jackals
  5 quokkas
  9 bats
  2 frilled lizards
  3 goblin skeletons (D:10)
  2 goblin zombies (D:10)
  A hobgoblin skeleton (D:10)
  3 hobgoblin zombies (D:10)
  34 kobolds
  A leopard gecko skeleton (D:5)
  2 orc skeletons (D:10)
  14 orc zombies (D:10)
  A quokka skeleton (D:7)
  12 rats
  5 plants
1063 creatures vanquished.

Vanquished Creatures (others)
  A deep elf knight (Elf:2)
  5 dream sheep (Lair:6)
  A water elemental (Elf:2)
  An ogre (D:14)
  9 fungi
  9 plants
  14 withered plants (Gauntlet)
40 creatures vanquished.

Grand Total: 1103 creatures vanquished

Notes
Turn   | Place    | Note
-------+----------+-------------------------------------------
     0 | D:1      | Peloso the Minotaur Fighter began the quest for the Orb.
     0 | D:1      | Reached XP level 1. HP: 19/19 MP: 0/0
   211 | D:1      | Reached XP level 2. HP: 17/27 MP: 1/1
   618 | D:1      | Reached XP level 3. HP: 33/33 MP: 2/2
  1327 | D:3      | Reached XP level 4. HP: 40/40 MP: 3/3
  2117 | D:3      | Reached skill level 1 in Dodging
  2124 | D:3      | Reached XP level 5. HP: 19/46 MP: 4/4
  2319 | D:4      | Reached skill level 5 in Shields
  2380 | D:4      | Found a sacrificial altar of Ru.
  2479 | D:4      | Noticed Menkaure
  2484 | D:4      | Killed Menkaure
  2484 | D:4      | Reached XP level 6. HP: 26/53 MP: 5/5
  2684 | D:4      | Found a sparkling altar of Nemelex Xobeh.
  2691 | D:4      | Reached skill level 5 in Long Blades
  2916 | D:4      | Reached skill level 5 in Armour
  2922 | D:4      | Found an iron altar of Okawaru.
  2930 | D:4      | Became a worshipper of Warmaster Okawaru
  3287 | D:5      | Entered Level 5 of the Dungeon
  3294 | D:5      | Found a staircase to the Ecumenical Temple.
  3363 | D:5      | Noticed an ice beast
  3376 | D:5      | Killed an ice beast
  3376 | D:5      | Reached XP level 7. HP: 30/60 MP: 6/6
  3399 | D:5      | Found a glowing drain.
  3421 | Sewer    | Entered a sewer
  3934 | Sewer    | Reached skill level 5 in Fighting
  4121 | D:5      | Found a glowing golden altar of the Shining One.
  4670 | D:6      | Reached * piety under Okawaru
  4675 | D:6      | Reached XP level 8. HP: 59/68 MP: 7/7
  5315 | D:6      | Reached ** piety under Okawaru
  5485 | D:6      | Noticed a hippogriff
  5493 | D:6      | Killed a hippogriff
  5897 | D:7      | Reached XP level 9. HP: 75/75 MP: 8/8
  6114 | D:7      | Reached *** piety under Okawaru
  6455 | D:7      | Found an opulent altar of Gozag.
  6458 | D:7      | Found Gozag's Platinum Reserve.
  6546 | D:7      | Reached skill level 10 in Long Blades
  6558 | D:7      | Reached skill level 1 in Stealth
  6574 | D:7      | Reached **** piety under Okawaru
  6585 | D:7      | Found Guik's Gadget Emporium.
  6779 | D:7      | Found an ancient bone altar of Kikubaaqudgha.
  7046 | D:8      | Reached XP level 10. HP: 72/86 MP: 9/9
  7216 | D:8      | Found a staircase to the Lair.
  7273 | D:8      | Noticed a two-headed ogre
  7285 | D:8      | Killed a two-headed ogre
  7285 | D:8      | Reached ***** piety under Okawaru
  7441 | D:8      | Found a basalt altar of Yredelemnul.
  7450 | D:8      | Received a gift from Okawaru
  7509 | D:8      | Found a shimmering altar of Xom.
  7769 | D:9      | Noticed a guardian serpent
  7779 | D:9      | Killed a guardian serpent
  7779 | D:9      | Reached skill level 10 in Shields
  7888 | D:9      | Found the +8 longbow "Zephyr" {speed, Dex+3 SInv}
  7899 | D:9      | Identified the +3 ring mail of Knowledge {rF+ rCorr Stlth-}
  8297 | D:9      | Noticed a guardian serpent
  8314 | D:9      | Killed a guardian serpent
  9249 | D:10     | Entered Level 10 of the Dungeon
  9313 | D:10     | Found Zezehep's Antique Armour Shop.
  9366 | D:10     | Reached XP level 11. HP: 95/95 MP: 10/10
  9491 | D:10     | Found a staircase to the Orcish Mines.
 10210 | Orc:1    | Entered Level 1 of the Orcish Mines
 10365 | Orc:1    | Noticed an orc warlord
 10665 | D:11     | Noticed a two-headed ogre
 10720 | D:11     | Killed a two-headed ogre
 10720 | D:11     | Received a gift from Okawaru
 10730 | D:11     | Noticed a four-headed hydra
 10736 | D:11     | Got a twisted shield {god gift}
 10755 | D:11     | Killed a four-headed hydra
 10755 | D:11     | Reached skill level 10 in Armour
 10764 | D:11     | Noticed a two-headed ogre
 10789 | D:10     | Identified the +0 shield "Qolet" {MR+} (Okawaru gifted it
                  | to you on level 11 of the Dungeon)
 10992 | D:11     | Killed a two-headed ogre
 10992 | D:11     | Reached skill level 1 in Short Blades
 11026 | D:11     | Got a translucent cloak
 11032 | D:11     | Identified the +1 cloak "Avvoyph" {rElec} (You found it on
                  | level 11 of the Dungeon)
 11117 | D:11     | Got a translucent plate armour
 11128 | D:11     | Identified the +10 plate armour of the Armadillo {MR+} (You
                  | found it on level 11 of the Dungeon)
 11286 | D:11     | Reached skill level 10 in Fighting
 11799 | Lair:1   | Entered Level 1 of the Lair of Beasts
 11801 | Lair:1   | Found a transporter.
 11810 | Lair:1   | Found a bloodstained altar of Trog.
 11810 | Lair:1   | Noticed DasRunzen's ghost (novice MiFi)
 11812 | Lair:1   | Identified the +3 spear of Deformation {holy, +Rage}
 11812 | Lair:1   | Noticed a spriggan rider
 12037 | Lair:1   | Reached XP level 12. HP: 90/106 MP: 11/11
 12191 | Lair:1   | Found a transporter.
 12193 | Lair:1   | Noticed Gastronok
 12219 | Lair:1   | Killed Gastronok
 12219 | Lair:1   | Reached skill level 1 in Invocations
 12556 | Lair:2   | Found a runed translucent door.
 12557 | Lair:2   | Found a shimmering altar of Xom.
 12557 | Lair:2   | Noticed Dasij's ghost (journeyman VSMo)
 12770 | Lair:2   | Found a hole to the Spider Nest.
 13006 | Lair:2   | Noticed a six-headed hydra
 13028 | Lair:2   | Killed a six-headed hydra
 13028 | Lair:2   | Reached skill level 5 in Dodging
 13035 | Lair:2   | Found a staircase to the Swamp.
 13685 | D:12     | Received a gift from Okawaru
 14163 | D:12     | Found Nocau's Antique Weapon Shoppe.
 14296 | D:12     | Bought a warped falchion for 216 gold pieces
 14298 | D:12     | Identified the +1 falchion "Fiuw" {flame, rPois rF+ Dex-4}
                  | (You bought it in a shop on level 12 of the Dungeon)
 14373 | D:12     | Noticed a six-headed hydra
 14381 | D:12     | Killed a two-headed hydra
 15109 | Orc:1    | Killed an orc warlord
 15242 | Orc:1    | Reached skill level 15 in Long Blades
 15298 | Orc:1    | Received a gift from Okawaru
 15720 | Orc:1    | Noticed an orc high priest
 15730 | Orc:1    | Reached XP level 13. HP: 116/116 MP: 13/13
 15780 | Orc:1    | Noticed an ettin
 15798 | Orc:1    | Killed an ettin
 15804 | Orc:1    | Noticed an orc warlord
 15808 | Orc:1    | Reached ****** piety under Okawaru
 16196 | Orc:1    | Killed an orc warlord
 16869 | D:10     | Bought a black opal-encrusted plate armour for 868 gold
                  | pieces
 16881 | D:10     | Identified the +8 plate armour of Proximity {-Tele Str+5
                  | Dex+5} (You bought it in a shop on level 10 of the Dungeon)
 17049 | D:13     | Found a flagged portal.
 17050 | D:13     | Found the cursed +14 obsidian axe {chop, +Fly SInv *Curse}
 17067 | Bailey   | Entered a bailey
 17616 | D:13     | Received a gift from Okawaru
 17827 | D:13     | Noticed Azrael
 17840 | D:13     | Killed Azrael
 17840 | D:13     | Reached skill level 15 in Shields
 18752 | Lair:3   | Noticed Fannar
 18770 | Lair:3   | Killed Fannar
 18770 | Lair:3   | Received a gift from Okawaru
 19244 | Lair:4   | Noticed an entropy weaver
 19245 | Lair:4   | Noticed an entropy weaver
 19266 | Lair:4   | Killed an entropy weaver
 19269 | Lair:4   | Killed an entropy weaver
 19269 | Lair:4   | Reached XP level 14. HP: 48/127 MP: 12/14
 20692 | Lair:5   | Identified a scroll of acquirement
 20836 | Lair:5   | Received a gift from Okawaru
 20883 | Lair:5   | Identified a +1 pair of boots of running (Okawaru gifted it
                  | to you on level 5 of the Lair of Beasts)
 21892 | Lair:5   | Noticed Urug
 21900 | Lair:5   | Killed Urug
 22198 | Lair:6   | Entered Level 6 of the Lair of Beasts
 22582 | Lair:6   | Received a gift from Okawaru
 22594 | Lair:6   | Got a translucent cloak {god gift}
 22605 | Lair:6   | Identified the +0 cloak of the Assorted Hells {Int+2}
                  | (Okawaru gifted it to you on level 6 of the Lair of Beasts)
 22986 | Lair:6   | Found a shimmering altar of Xom.
 23064 | Lair:6   | Found a staircase to the Slime Pits.
 23065 | Lair:6   | Found a viscous altar of Jiyva.
 23112 | Lair:6   | Found the +3 salamander hide armour {+Rage rF++}
 23113 | Lair:6   | Found the +5 robe of Night {Dark MR+ SInv}
 23159 | Lair:6   | Got an encrusted buckler
 23209 | Lair:6   | Identified the cursed +0 buckler of the Monkey {Str+4 Int+3
                  | Stlth+} (You found it on level 6 of the Lair of Beasts)
 23613 | Orc:2    | Entered Level 2 of the Orcish Mines
 23613 | Orc:2    | Found Mounaoku's Magic Scroll Shoppe.
 23650 | Orc:2    | Bought a scroll of blinking for 105 gold pieces
 23650 | Orc:2    | Bought a scroll of enchant weapon for 105 gold pieces
 23650 | Orc:2    | Bought a scroll of enchant armour for 105 gold pieces
 23715 | Orc:2    | Found a staircase to the Elven Halls.
 23733 | Orc:2    | Found Vaina's Magic Scroll Shoppe.
 23733 | Orc:2    | Found Xaprul's Food Shop.
 23755 | Orc:2    | Bought a scroll of brand weapon for 320 gold pieces
 23774 | Orc:2    | Noticed Rupert
 23804 | Orc:2    | Killed Rupert
 24291 | Orc:2    | Reached XP level 15. HP: 120/138 MP: 15/15
 24437 | Orc:2    | Received a gift from Okawaru
 24778 | Orc:2    | Found Atyoc's Armour Boutique.
 24778 | Orc:2    | Found Waitu's Jewellery Shoppe.
 24779 | Orc:2    | Found Uvufoil's Gadget Emporium.
 24779 | Orc:2    | Found Xunk's Magic Scroll Boutique.
 24807 | Orc:2    | Bought the ring of Miwoipyrch {+Blink rElec rCorr Slay+5
                  | Stlth+} for 648 gold pieces
 25052 | D:14     | Found a gate leading to a gauntlet.
 25099 | D:14     | Received a gift from Okawaru
 25099 | D:14     | Reached skill level 15 in Fighting
 25126 | Gauntlet | Entered a Gauntlet
 25126 | Gauntlet | Found a transporter.
 25127 | Gauntlet | Found a large runed translucent door.
 25128 | Gauntlet | Found a large runed translucent door.
 25129 | Gauntlet | Found a large runed translucent door.
 25129 | Gauntlet | Found a large runed translucent door.
 25129 | Gauntlet | Found a runed translucent door.
 25129 | Gauntlet | Found a runed translucent door.
 25130 | Gauntlet | Found a large runed translucent door.
 25131 | Gauntlet | Found a large runed translucent door.
 25132 | Gauntlet | Found a large runed translucent door.
 25132 | Gauntlet | Found a large runed translucent door.
 25133 | Gauntlet | Found a large runed translucent door.
 25133 | Gauntlet | Found a large runed translucent door.
 25133 | Gauntlet | Found a large runed translucent door.
 25133 | Gauntlet | Found a large runed translucent door.
 25134 | Gauntlet | Found a large runed translucent door.
 25134 | Gauntlet | Found a large runed translucent door.
 25135 | Gauntlet | Found a large runed translucent door.
 25135 | Gauntlet | Found a large runed translucent door.
 25137 | Gauntlet | Found a transporter.
 25137 | Gauntlet | Found a transporter.
 25139 | Gauntlet | Found a transporter.
 25152 | Gauntlet | Found a runed translucent gate.
 25152 | Gauntlet | Found a runed translucent gate.
 25152 | Gauntlet | Found a runed translucent gate.
 25154 | Gauntlet | Found a transporter.
 25169 | Gauntlet | Found a transporter.
 25176 | Gauntlet | Found a transporter.
 25195 | Gauntlet | Found a transporter.
 25210 | Gauntlet | Found a transporter.
 25242 | Gauntlet | Found a transporter.
 25244 | Gauntlet | Found the amulet of the Air {Inacc +Fly rElec EV+5 RMsl}
 25275 | Gauntlet | Found a transporter.
 25281 | Gauntlet | Found a transporter.
 25303 | Gauntlet | Found a transporter.
 25313 | Gauntlet | Found a transporter.
 25315 | Gauntlet | Found a transporter.
 25339 | Gauntlet | Found a transporter.
 25344 | Gauntlet | Found a transporter.
 25394 | Gauntlet | Found a transporter.
 25584 | Gauntlet | Paralysed by a floating eye for 4 turns
 25594 | Gauntlet | Paralysed by a floating eye for 4 turns
 25880 | Gauntlet | Got a coiled bronze amulet
 25881 | Gauntlet | Identified the amulet "Haqirgh" {rF+ rN+ Regen+} (You found
                  | it in a Gauntlet)
 26031 | D:14     | Got a sapphire double sword {god gift}
 26035 | D:14     | Identified the +1 double sword of Okawaru's Envy {elec,
                  | Int+6 Dex+4} (Okawaru gifted it to you on level 14 of the
                  | Dungeon)
 26075 | D:14     | Found a gate to the Vaults.
 26394 | D:15     | Entered Level 15 of the Dungeon
 26394 | D:15     | Found Vagubem's Magic Scroll Shop.
 26426 | D:15     | Bought a scroll of identify for 20 gold pieces
 26426 | D:15     | Bought a scroll of identify for 20 gold pieces
 26638 | D:15     | Found a staircase to the Depths.
 26867 | D:15     | Received a gift from Okawaru
 27512 | Lair:1   | Killed DasRunzen's ghost
 27711 | Lair:1   | Got a scorched glaive
 27712 | Lair:1   | Identified the +5 glaive of Yhocigieti {chop, *Contam rF++
                  | Int+3} (You found it on level 1 of the Lair of Beasts)
 27777 | Lair:2   | Killed Dasij's ghost
 27968 | Elf:1    | Entered Level 1 of the Elven Halls
 28040 | Orc:2    | HP: 7/143 [poisoned by a redback]
 28046 | Orc:2    | HP: 7/143 [poisoned by a redback]
 28482 | Elf:1    | Reached XP level 16. HP: 141/150 MP: 17/17
 28545 | Elf:1    | Found Kafyefad's Food Boutique.
 29133 | Elf:1    | Received a gift from Okawaru
 29175 | Elf:1    | Received a gift from Okawaru
 29237 | Elf:1    | Reached skill level 15 in Armour
 29498 | Elf:1    | Identified the Guide on Supportive Conjuration
 29925 | Elf:1    | Received a gift from Okawaru
 29932 | Elf:1    | Cast into level 2 of the Abyss (+1 glaive of distortion)
 30248 | Abyss:2  | Noticed a bone dragon
 30268 | Abyss:2  | Killed a bone dragon
 30351 | Elf:1    | Escaped the Abyss
 30619 | Elf:1    | Got a translucent plate armour {god gift}
 30634 | Elf:1    | Identified the +4 plate armour "Kogat" {rN+ Str+4 Int+3
                  | Stlth-} (Okawaru gifted it to you on level 1 of the Elven
                  | Halls)
 30815 | Elf:2    | Found a runed translucent gate.
 30815 | Elf:2    | Found a runed translucent gate.
 30818 | Elf:2    | Found a runed translucent gate.
 30818 | Elf:2    | Noticed Acaodgh's ghost (adept FeAr)
 31745 | Elf:2    | Received a gift from Okawaru
 31894 | Elf:2    | Found a large runed translucent door.
 31894 | Elf:2    | Found a large runed translucent door.
 31916 | Elf:2    | Reached XP level 17. HP: 160/160 MP: 18/18
 31918 | Elf:2    | Found a large runed translucent door.
 31918 | Elf:2    | Found a large runed translucent door.
 32670 | Elf:3    | Entered Level 3 of the Elven Halls
 32756 | Elf:3    | Found a magical portal.
 33477 | WizLab   | Noticed Cigotuvi's Monster
 33496 | WizLab   | Killed Cigotuvi's Monster
 33858 | WizLab   | Identified the Collected Works on Transformation
 33869 | WizLab   | Identified Cigotuvi's Incunabulum of Shape Shifting and
                  | Darkness
 34061 | WizLab   | Paralysed by a floating eye for 4 turns
 34257 | WizLab   | Got a heavily runed bronze amulet
 34261 | WizLab   | Identified the amulet of Qoebowk {rN+ Regen+ Int+4} (You
                  | found it in a wizard's laboratory)
 34307 | WizLab   | Paralysed by a floating eye for 2 turns
 34369 | WizLab   | Received a gift from Okawaru
 34450 | WizLab   | Got an ancient falchion {god gift}
 34451 | WizLab   | Identified the +6 falchion of Voahi {freeze, *Rage rPois
                  | Dex+2} (Okawaru gifted it to you in a wizard's laboratory)
 34858 | Elf:3    | Gained mutation: Your natural rate of healing is unusually
                  | fast. [potion of mutation]
 34858 | Elf:3    | Gained mutation: You have a pair of large horns on your
                  | head. [potion of mutation]
 34858 | Elf:3    | Gained mutation: You are dopey. (Int -2) [potion of
                  | mutation]
 34858 | Elf:3    | Gained mutation: You are partially covered in iridescent
                  | scales. (AC +2) [potion of mutation]
 34860 | Elf:3    | Lost mutation: You are partially covered in iridescent
                  | scales. (AC +2) [potion of mutation]
 34860 | Elf:3    | Lost mutation: You have a pair of large horns on your head.
                  | [potion of mutation]
 34860 | Elf:3    | Lost mutation: You are dopey. (Int -2) [potion of mutation]
 34860 | Elf:3    | Lost mutation: Your natural rate of healing is unusually
                  | fast. [potion of mutation]
 34860 | Elf:3    | Gained mutation: Your spells are a little easier to cast,
                  | but a little less powerful. [potion of mutation]
 34860 | Elf:3    | Gained mutation: Your mind is acute. (Int +2) [potion of
                  | mutation]
 34860 | Elf:3    | Gained mutation: Armour fits poorly on your strangely
                  | shaped body. [potion of mutation]
 34860 | Elf:3    | Gained mutation: You have sharp fingernails. [potion of
                  | mutation]
 35178 | Elf:3    | Received a gift from Okawaru
 35187 | Elf:3    | Noticed a deep elf master archer
 35210 | Elf:3    | Killed a deep elf master archer
 35528 | Elf:3    | Noticed a deep elf blademaster
 35546 | Elf:3    | Identified the cursed +2 great sword of Tatee {slice, -Tele
                  | Str+6 Int-3 SInv}
 35548 | Elf:3    | Killed a deep elf blademaster
 35594 | Elf:3    | Noticed a deep elf master archer
 35601 | Elf:3    | Shot with an arrow by a deep elf master archer

Levels and vault maps discovered:
D:1:      dpeg_arrival_erosion, layout_basic, minmay_misc_feat_tower,
          roderic_lattice_a, grunt_decor_arrowhead
D:2:      layout_rooms
D:3:      layout_basic
D:4:      layout_basic, nicolae_overflow_crystal_walls,
          okawaru_altar_gauntlet_db, first_ration, nemelex_dance_club_becter,
          uniq_menkaure
D:5:      layout_cave_pods, minmay_temple_entry_offerings, basic_altar,
          portal_sewer_entry_d
D:6:      layout_basic
D:7:      layout_loops_cross, nicolae_gozag_zags_fifth_avenue,
          kennysheep_vampire_church, serial_shops, kennysheep_mini_moat
D:8:      layout_loops_ring, lemuel_crystal_altar, lemuel_crystal_altar,
          lair_entry_dummy
D:9:      nrook_guardian_serpent_snake_passage, layout_layer_cave,
          grunt_pizzeria, minmay_diamond_spiral
D:10:     layout_basic, zombieorc2_lemuel, serial_shops, shop
D:11:     layout_cave_pools
D:12:     layout_basic, serial_shops, shop
D:13:     layout_gridville, enter_bailey_2, hangedman_decor_growths, uniq_azrael
D:14:     layout_big_octagon, gauntlet_entry_generic, dk_noncrumbling_2
D:15:     hangedman_depths_entry_try_elsewhere_first, layout_rooms,
          serial_shops, nicolae_shop_trees, hangedman_decor_slide_cut
Lair:1:   layout_regular_city, gammafunk_ghost_wrathful_warriors, uniq_gastronok
Lair:2:   layout_misc_corridors, minmay_swamp_entry_reptiles,
          nicolae_spider_entry_tight_spaces, ebering_ghost_xom
Lair:3:   layout_loops_ring, infiniplex_staircase_pool_2, serial_bayou_shore_b,
          uniq_fannar
Lair:4:   layout_cave_pods, minmay_another_anthill
Lair:5:   layout_roguey [special_room_bee], lemuel_fruit_tree, uniq_urug
Lair:6:   gammafunk_lair_ancient_temple, layout_cave_shapes, slime_altar_1,
          kb_xom_exploding_sheep
Orc:1:    layout_diamond_mine, nicolae_orc_pool_cavern, elf_legates
Orc:2:    st_orc_ogre_mass, layout_caves, serial_shops, shop_statue,
          nicolae_shop_temple_entry_statues_fountains, nicolae_shop_waterfront,
          uniq_rupert
Elf:1:    eino_elf_arrival_the_gate, layout_loops_cross, serial_shops,
          shop_coins, minivault_28, minmay_elf_sorcery
Elf:2:    layout_gridlike, ebering_ghost_rock_garden, roderic_nine_men_s_morris,
          glass_columns_b
Elf:3:    minmay_elf_hall_not_hex, layout_gridlike, mu_enter_wizlab_3

Skill      XL: |  1  2  3  4  5  6  7  8  9 10 11 12 13 14 15 16 17 |
---------------+----------------------------------------------------+-----
Shields        | 4 5 6 7 8 10 11 14 15 16 18 19 | 19.9
Armour         | 4 5 7 8 10 11 12 13 14 15 | 15.9
Long Blades    | 3 4 5 6 8 10 12 13 15 16 17 19 | 19.8
Fighting       | 4 5 6 7 8 10 11 12 14 15 16 18 | 18.0
Dodging        | 1 2 3 4 5 6 |  6.1
Stealth        | 1 |  1.8
Short Blades   | 2 |  2.1
Invocations    | 2 3 |  3.2
Evocations     | |  0.6

Action                   |  1- 3 |  4- 6 |  7- 9 | 10-12 | 13-15 | 16-18 || total
-------------------------+-------+-------+-------+-------+-------+-------++-------
Melee: Long sword        |    88 |   119 |   162 |       |       |       ||   369
       Headbutt          |    16 |    22 |    71 |   247 |   318 |   189 ||   863
       Falchion          |       |       |   244 |   804 |     4 |       ||  1052
       Dagger            |       |       |       |    23 |       |       ||    23
       Double sword      |       |       |       |   159 |  1253 |   679 ||  2091
       Scimitar          |       |       |       |       |    18 |       ||    18
Invok: Heroism           |       |       |       |     8 |    12 |     6 ||    26
       Finesse           |       |       |       |     2 |     1 |       ||     3
Evoke: Wand              |       |       |       |       |       |     3 ||     3
  Use: Potion            |       |     4 |       |     1 |     6 |     3 ||    14
       Scroll            |       |     5 |     1 |    17 |    12 |    10 ||    45
  Eat: Chunk             |     1 |     7 |    13 |    29 |    39 |     8 ||    97
       Ration            |       |       |       |       |       |     4 ||     4
Armor: Scale mail        |    46 |    48 |    78 |       |       |       ||   172
       Chain mail        |       |       |    59 |   193 |       |       ||   252
       Plate armour      |       |       |       |   163 |   752 |   249 ||  1164
Dodge: Dodged            |    20 |    45 |   139 |   242 |   508 |   141 ||  1095
Block: Shield            |    54 |    83 |   243 |   517 |  1135 |   389 ||  2421
       Rpst.: Long sword |     7 |     8 |    23 |       |       |       ||    38
       Falchion          |       |       |    25 |    48 |       |       ||    73
       Double sword      |       |       |       |     6 |   121 |    35 ||   162
       Scimitar          |       |       |       |       |     1 |       ||     1

Table legend:
 A = Non-vault XP
 B = Vault XP
 C = Vault XP percentage of total XP
 D = Non-vault monster count
 E = Vault monster count
 F = Vault count percentage of total count
                 A         B        C        D         E       F
            +---------+---------+-------+---------+---------+-------
      Total |  133942 |  141917 |  51.4 |     663 |     397 |  37.5
            +---------+---------+-------+---------+---------+-------
        D:1 |      41 |       0 |   0.0 |      23 |       0 |   0.0
        D:2 |      54 |       0 |   0.0 |      18 |       0 |   0.0
        D:3 |     134 |       0 |   0.0 |      23 |       0 |   0.0
        D:4 |     160 |     210 |  56.8 |       8 |       9 |  52.9
        D:5 |     510 |      14 |   2.7 |      16 |       1 |   5.9
        D:6 |    1924 |       0 |   0.0 |      38 |       0 |   0.0
        D:7 |    1958 |     128 |   6.1 |      27 |       9 |  25.0
        D:8 |    3176 |       0 |   0.0 |      31 |       0 |   0.0
        D:9 |     514 |    1576 |  75.4 |      14 |       7 |  33.3
       D:10 |    3842 |     605 |  13.6 |      40 |      36 |  47.4
       D:11 |    5211 |       0 |   0.0 |      21 |       0 |   0.0
       D:12 |    4659 |       0 |   0.0 |      44 |       0 |   0.0
       D:13 |    8306 |    2016 |  19.5 |      41 |       5 |  10.9
       D:14 |    9877 |       0 |   0.0 |      40 |       0 |   0.0
       D:15 |    3972 |    3325 |  45.6 |      12 |       4 |  25.0
     Lair:1 |    2724 |    5136 |  65.3 |      14 |       7 |  33.3
     Lair:2 |    1787 |    4362 |  70.9 |       9 |      12 |  57.1
     Lair:3 |    3257 |    1018 |  23.8 |      15 |       2 |  11.8
     Lair:4 |    1994 |    5466 |  73.3 |      13 |      31 |  70.5
     Lair:5 |   10044 |    3393 |  25.3 |      37 |      27 |  42.2
     Lair:6 |    4722 |   10574 |  69.1 |      16 |      27 |  62.8
      Orc:1 |    5488 |    6125 |  52.7 |      52 |       9 |  14.8
      Orc:2 |    1317 |   22675 |  94.5 |      16 |      42 |  72.4
      Elf:1 |   20844 |   17023 |  45.0 |      31 |      28 |  47.5
      Elf:2 |   14587 |    3598 |  19.8 |      27 |       4 |  12.9
      Elf:3 |   10102 |   17679 |  63.6 |      17 |      11 |  39.3
    Abyss:2 |   12738 |       0 |   0.0 |      20 |       0 |   0.0
      Sewer |       0 |     330 | 100.0 |       0 |      28 | 100.0
     Bailey |       0 |     594 | 100.0 |       0 |      27 | 100.0
     WizLab |       0 |   30825 | 100.0 |       0 |      57 | 100.0
   Gauntlet |       0 |    5245 | 100.0 |       0 |      14 | 100.0
            +---------+---------+-------+---------+---------+-------
